 Dungeon Crawl Stone Soup version 0.30-a0-830-gfe289a77b0 (webtiles) character file.

Game seed: 10962520627805071627

27 demibob the Cudgeller (level 2, -3/43 HPs)
             Began as a Troll Berserker on Feb 28, 2023.
             Was a Follower of Trog.
             Slain by a gnoll
             ... wielding a +0 spear
              (4 damage)
             ... on level 2 of the Dungeon.
             The game lasted 00:00:34 (644 turns).

demibob the Cudgeller (Troll Berserker)              Turns: 644, Time: 00:00:35

Health: -3/43      AC:  4    Str: 24    XL:     2   Next: 93%
Magic:  1/1        EV: 10    Int:  3    God:    Trog [*.....]
Gold:   43         SH:  0    Dex:  9    Spells: 1/1 levels left

rFire   . . .      SeeInvis .    a - +0 mace
rCold   . . .      Faith    .    (no shield)
rNeg    . . .      Spirit   .    b - +0 animal skin
rPois   .          Reflect  .    (helmet restricted)
rElec   .          Harm     .    (no cloak)
rCorr   .          Rampage  .    (gloves unavailable)
Will    .....                    (boots unavailable) Stlth
                                 (no amulet)
HPRegen 1.07/turn                (no ring)
MPRegen 0.07/turn                (no ring)

@: berserking (expiring), very quick
A: large, unfitting armour, claws 3, regeneration 1, shaggy fur 1, tough skin 1
a: Renounce Religion, Berserk


You were on level 2 of the Dungeon.
You worshipped Trog.
Trog was aware of your devotion.
You visited 1 branch of the dungeon, and saw 2 of its levels.

You collected 43 gold pieces.


Innate Abilities, Weirdness & Mutations

You are too large for most types of armour.
You have claws for hands.
Your natural rate of healing is unusually fast.
You are covered in fur. (AC +1)
You have tough skin. (AC +1)


   Skills:
 - Level 2.4 Fighting
 + Level 3.8 Maces & Flails
 - Level 2.4 Dodging


You had one spell level left.
You didn't know any spells.
Your spell library was empty.

Inventory:

Hand Weapons
 a - a +0 mace (weapon)
Armour
 b - a +0 animal skin (worn)
Jewellery
 e - an amulet of faith {!P}
Scrolls
 c - a scroll of identify {unknown}
 d - 3 scrolls of acquirement {unknown}
 f - 3 scrolls of enchant armour {unknown}
Potions
 g - a potion of berserk rage {unknown}

Dungeon Overview and Level Annotations

Branches:
Dungeon (2/15)

Altars:

...# #.^. #..#
##..# ..B# #g.#
#gg##
######.@.######
....!..<.......
######...####..
#..... #.......
########.# #


You could see 3 gnolls and a giant cockroach.


Message History

Use which ability? (? or * to list)
A red film seems to cover your vision as you go berserk!
You feel yourself moving faster!
You feel mighty!
You feel a strong urge to attack something.
You thump the gnoll!
The gnoll is almost dead.
The gnoll hits you from afar with a +0 halberd!
The gnoll barely misses you.
A giant cockroach comes into view.
You hit the gnoll.
You kill the gnoll!
Trog accepts your kill.
The gnoll hits you from afar with a +0 halberd!
The gnoll hits you with a +0 spear.
You closely miss the gnoll.
The gnoll hits you but does no damage. x2
The gnoll closely misses you.
You closely miss the gnoll. You closely miss the gnoll.
The gnoll hits you with a +0 whip.
* * * LOW HITPOINT WARNING * * *
The gnoll hits you from afar with a +0 halberd.
* * * LOW HITPOINT WARNING * * *
The gnoll barely misses you.
You are too injured to fight recklessly!
You hit the gnoll.
The gnoll is moderately wounded.
The gnoll barely misses you.
The gnoll hits you from afar with a +0 halberd!
* * * LOW HITPOINT WARNING * * *
The gnoll hits you with a +0 spear.
You die...

Skill      XL: |  1 |
---------------+----+-----
Maces & Flails | 3 |  3.8
Fighting       | |  2.4
Dodging        | |  2.4

Action                     || total
---------------------------++-------
  Melee: Mace              ||    37
 Invoke: Berserk           ||     1
   Stab: Sleeping          ||     1
 Armour: Animal skin       ||    12
  Dodge: Dodged            ||    17

Levels and vault maps discovered:
D:1:      lemuel_arrival_room, layout_basic, serial_aquarium,
          aquarium_bridge_square [aquarium_subvault_bridge,
          aquarium_subvault_window, aquarium_subvault_window,
          aquarium_subvault_bridge], aquarium_window_1, aquarium_window_3,
          aquarium_window_double, aquarium_view_2f, aquarium_view_2d,
          aquarium_balcony_3b
D:2:      layout_loops_ring, basic_ecumenical_altar, minmay_circle_x

Notes
Turn   | Place    | Note
-------+----------+-------------------------------------------
     0 | D:1      | demibob the Troll Berserker began the quest for the Orb.
     0 | D:1      | Reached XP level 1. HP: 22/22 MP: 0/0
    67 | D:1      | Reached skill level 3 in Maces & Flails
   105 | D:1      | Reached XP level 2. HP: 29/29 MP: 1/1
   327 | D:1      | You fall into a shaft and drop 1 floor!
   644 | D:2      | HP: 1/43 [gnoll/+0 halberd (13)]
   644 | D:2      | Slain by a gnoll

Vanquished Creatures
  A gnoll (D:2)
  A dart slug (D:1)
  A bat (D:1)
  2 endoplasms (D:1)
  2 goblins (D:1)
  A hobgoblin (D:1)
  3 kobolds (D:1)
  A quokka (D:1)
  A ball python (D:1)
  A rat (D:2)
14 creatures vanquished.

Table legend: (Time is in decaauts)
 A = Elapsed time spent in this place.
 B = Non-inter-level travel time spent in this place.
 C = Inter-level travel time spent in this place.
 D = Time resting spent in this place.
 E = Time spent auto-exploring this place.
 F = Levels seen in this place.
 G = Mean time per level.
                   A        B        C        D        E       F      G
               +--------+--------+--------+--------+--------+-----+--------+
         Total |    650 |    600 |     50 |      0 |    498 |   2 |  325.0 |
       Dungeon |    650 |    600 |     50 |      0 |    498 |   2 |  325.0 |
               +--------+--------+--------+--------+--------+-----+--------+

Top non-repeatable levels by time:
     D:1: 609 daAuts
     D:2: 40 daAuts

Table legend:
 A = Non-vault XP
 B = Vault XP
 C = Vault XP percentage of total XP
 D = Non-vault monster count
 E = Vault monster count
 F = Vault count percentage of total count
                 A         B        C        D         E       F
            +---------+---------+-------+---------+---------+-------
      Total |      39 |       0 |   0.0 |      14 |       0 |   0.0
            +---------+---------+-------+---------+---------+-------
        D:1 |      23 |       0 |   0.0 |      12 |       0 |   0.0
        D:2 |      16 |       0 |   0.0 |       2 |       0 |   0.0
            +---------+---------+-------+---------+---------+-------
